 Dungeon Crawl Stone Soup version 0.31-a0-984-gbfb7dba898 (webtiles) character file.

Game seed: 14205376211613764535

85 Malachi the Ruffian (level 4, 0/48 HPs)
             Began as a Demonspawn Shapeshifter on Nov 3, 2023.
             Was an Initiate of Dithmenos.
             Killed by divine providence
             ... invoked by an orc priest
              (17 damage)
             ... on level 3 of the Dungeon.
             The game lasted 00:01:59 (2402 turns).

Malachi the Ruffian (Demonspawn Shapeshifter)       Turns: 2402, Time: 00:02:00

Health: 0/48       AC: 22    Str: 16    XL:     4   Next: 25%
Magic:  4/4        EV:  2    Int: 11    God:    Dithmenos [......]
Gold:   187        SH:  0    Dex: 13    Spells: 3/3 levels left

rFire   . .          .
                       - Unarmed
rCold   . . .        (no shield)
rNeg    . . .        l - melded +0 ring mail
rPois   +            (helmet currently unavailable)
rElec   .            (cloak currently unavailable)
rCorr   .            (gloves currently unavailable)
SInv    .            (boots currently unavailable)
Will    .....        (no amulet)
Stlth   +            (no ring)
HPRegen 0.28/turn    (no ring)
MPRegen 0.09/turn

%: no passive effects
@: tree-form
A: stationary, stasis, torment immunity, boosted hp, (claws 1), foul stench 1
a: Renounce Religion


You were on level 3 of the Dungeon.
You worshipped Dithmenos.
Dithmenos was noncommittal.
You were a tree.
You visited 1 branch of the dungeon, and saw 3 of its levels.

You collected 187 gold pieces.

Inventory:

Missiles
 e - 9 poisoned darts
 m - a throwing net (quivered)
Armour
 a - a +0 animal skin
 l - a +0 ring mail (melded)
Talismans
 c - a beast talisman
 d - a flux talisman
Scrolls
 f - a scroll of torment {unknown}
 g - a scroll of teleportation {unknown}
 j - a scroll of fear {unknown}
 k - 2 scrolls of identify {unknown}
Potions
 h - a potion of might {unknown}
 i - a potion of degeneration {unknown}
 n - a potion of attraction {unknown}
 o - a potion of heal wounds {unknown}


   Skills:
 + Level 1.3 Fighting
 - Level 1.7 Dodging
 + Level 4.6 Unarmed Combat
 - Level 2.6 Shapeshifting


You had 3 spell levels left.
You didn't know any spells.
Your spell library contained the following spells:

 Spells                   Type           Power      Damage    Failure   Level
 Lesser Beckoning         Tloc           0%         N/A       47%         2
 Gell's Gravitas          Tloc           0%         N/A       71%         3
 Teleport Other           Tloc           0%         N/A       71%         3


Dungeon Overview and Level Annotations

Branches:
Dungeon (3/15)

Altars:
Dithmenos

Shops:
D:1 =


Innate Abilities, Weirdness & Mutations

You are a tree.
Your roots penetrate the ground, keeping you stationary.
You cannot be teleported.
You are immune to unholy pain and torment.
Your maximum health is greatly increased.
Your equipment is partially melded.
((You have sharp fingernails.))
You may rarely emit foul miasma when damaged in melee.


Message History

You see here a quokka corpse.
An orc priest comes into view. It is wielding a +0 mace.
The orc priest shouts!
You hear a shout! x2
An orc priest is nearby!
An orc priest is nearby! 2 orcs and an orc priest come into view.
The orc shouts! x2; The orc priest shouts!
The orc priest mumbles some strange prayers to Beogh against you.
Pain shoots through your body!
Found a hand axe.
You scratch the orc priest.
The orc priest is lightly wounded.
The orc priest hits you but does no damage.
You closely miss the orc priest.
The orc priest is lightly wounded.
The orc priest barely misses you.
You scratch the orc priest.
The orc priest is moderately wounded.
The orc priest barely misses you.
You scratch the orc priest but do no damage.
The orc priest is moderately wounded.
You claw the orc priest!
The orc priest is severely wounded.
The orc priest invokes the aid of Beogh against you.
Beogh smites you!
You are too injured to fight recklessly!
You are too injured to fight recklessly!
You are too injured to fight recklessly!
You are too injured to fight recklessly!
Unknown command.
You scratch the orc priest but do no damage.
The orc priest is severely wounded.
The orc priest closely misses you. The orc hits you with a +0 mace.
The orc priest hits you with a +0 flail.
Your transformation has ended.
You turn into a tree.
Your +0 ring mail melds into your body.
Your roots penetrate the ground.
The orc priest calls down the wrath of Beogh upon you.
Beogh smites you!
You die...

#. ###.### #...... #......
#...... #......###
#...oo.####### #..oo♣........
#)####.###### #.# #.# #.#.#
#.# #.#.# #.# #.#.# #.# #.
######.#.####.##############.
........>................<##.
........####..#########..##.


You could see 2 orc priests and 2 orcs.

Vanquished Creatures
  3 adders
  A dart slug (D:2)
  5 ball pythons (D:1)
  10 endoplasms
  A giant cockroach (D:2)
  6 goblins
  5 hobgoblins
  4 jackals (D:1)
  2 quokkas
  4 frilled lizards
  5 kobolds
  5 rats
51 creatures vanquished.

Notes
Turn   | Place    | Note
-------+----------+-------------------------------------------
     0 | D:1      | Malachi the Demonspawn Shapeshifter began the quest for the
                  | Orb.
     0 | D:1      | Reached XP level 1. HP: 15/15 MP: 1/1
    73 | D:1      | Reached skill level 3 in Unarmed Combat
   105 | D:1      | Found a faded altar of an unknown god.
   118 | D:1      | Gained mutation: You have sharp fingernails. [demonic
                  | ancestry]
   118 | D:1      | Reached XP level 2. HP: 21/21 MP: 2/2
   903 | D:1      | Reached XP level 3. HP: 11/26 MP: 3/3
  1273 | D:1      | Found Zowk's Jewellery Shoppe.
  1348 | D:2      | Reached skill level 4 in Unarmed Combat
  2211 | D:3      | Gained mutation: You may rarely emit foul miasma when
                  | damaged in melee. [demonic ancestry]
  2211 | D:3      | Reached XP level 4. HP: 32/32 MP: 4/4
  2242 | D:3      | Found a shadowy altar of Dithmenos.
  2261 | D:3      | Became a worshipper of Dithmenos the Shadowed
  2402 | D:3      | Killed from afar by an orc priest

Illustrated notes

Levels and vault maps discovered:
D:1:      saegor_arrival_fortress, layout_basic,
          hellmonk_ecumenical_altar_arch_garden, serial_shops,
          nicolae_shop_crystal, minmay_misc_feat_pillars, minmay_misc_feat_x
D:2:      layout_basic
D:3:      layout_basic, nicolae_dithmenos_the_darkroom, st_stairs_2

Skill      XL: |  1  2  3 |
---------------+----------+-----
Unarmed Combat | 3 4 |  4.6
Fighting       | |  1.3
Dodging        | |  1.7
Shapeshifting  | |  2.6

Action                     |  1- 3 |  4- 6 || total
---------------------------+-------+-------++-------
  Melee: Unarmed           |   116 |    27 ||   143
         Punch             |     2 |       ||     2
    Use: Potion            |       |     1 ||     1
   Stab: Sleeping          |     1 |       ||     1
 Armour: Animal skin       |    31 |       ||    31
         Ring mail         |    21 |    11 ||    32
  Dodge: Dodged            |    63 |    16 ||    79

Table legend: (Time is in decaauts)
 A = Elapsed time spent in this place.
 B = Non-inter-level travel time spent in this place.
 C = Inter-level travel time spent in this place.
 D = Time resting spent in this place.
 E = Time spent auto-exploring this place.
 F = Levels seen in this place.
 G = Mean time per level.
                   A        B        C        D        E       F      G
               +--------+--------+--------+--------+--------+-----+--------+
         Total |   2392 |   2339 |     53 |    263 |   1786 |   3 |  797.3 |
       Dungeon |   2392 |   2339 |     53 |    263 |   1786 |   3 |  797.3 |
               +--------+--------+--------+--------+--------+-----+--------+

Top non-repeatable levels by time:
     D:1: 1332 daAuts
     D:2: 860 daAuts
     D:3: 199 daAuts
